Monsters vs Reign

Created - May 3, 2023 at 19:31

Goals
1 2 3 T
Monsters 2 3 1 6
Reign 0 2 1 3
Shots
1 2 3 T
Monsters 10 11 16 37
Reign 11 10 16 37

1st period

1. Monsters , Justin Bailey 12 (Zac Dalpe 71, Dillon Heatherington 18) at 0:23
2. Monsters , Zac Dalpe 52 (Matt Grzelcyk 26) at 8:20

Penalties :
Matt Grzelcyk (Cle) for Hooking (Minor) at 10:44

2nd period

3. Monsters , Matt Grzelcyk 4 (Jakub Vrana 8) at 9:01 (PP)
4. Monsters , Zac Dalpe 53 (Dillon Heatherington 19) at 11:14
5. Reign , Nick Suzuki 25 (Mathew Barzal 41, Jordan Greenway 16) at 17:13
6. Reign , Mason Appleton 5 (Josh Anderson 13) at 18:38
7. Monsters , Carl Grundstrom 6 (Joakim Nordstrom 35, Ryan Fitzgerald 13) at 19:35

Penalties :
Jakub Vrana (Cle) for Hooking (Minor) at 2:13, Josh Anderson (Ont) for Tripping (Minor) at 8:32, Collin Miller (Cle) for Hooking (Minor) at 12:29

3rd period

8. Reign , Darroll Powe 22 (Jeremy Lauzon 28) at 2:40
9. Monsters , Ryan Fitzgerald 21 (Joakim Nordstrom 36) at 3:15

Penalties :
Victor Mete (Cle) for Hooking (Minor) at 10:25, Tarmo Reunanen (Cle) for Hooking (Minor) at 14:51

Goalie Stats

Connor Hellebyuk (Cle), 34 saves from 37 shots - (0.919), W, 20-12-7, 60:00 minutes
Igor Shesterkin (Ont), 12 saves from 16 shots - (0.750), L, 28-19-7, 31:14 minutes
Oscar Dansk (Ont), 19 saves from 21 shots - (0.905), 28:46 minutes

Players Stats for Monsters

Player Name              G  A  P  +/- PIM S  H  SB GA TA FO     MP     PP MP  PK MP  
------------------------------------------------------------------------------------
Austin Watson            0  0  0   2  0   3  0  0  1  3  1/1    17:43   0:22   0:00 
Carl Grundstrom          1  0  1   2  0   4  0  0  0  0  0/0     9:47   0:00   0:00 
Collin Miller            0  0  0   2  2   2  3  4  2  1  0/0    27:17   0:00   4:53 
Daniel Sprong            0  0  0   0  0   0  1  0  1  0  0/0     7:30   0:00   0:00 
Dillon Heatherington     0  2  2   2  0   1  1  0  0  0  0/0    27:53   0:00   6:31 
Gerald Mayhew            0  0  0  -2  0   0  1  0  0  0  0/0    14:02   0:07   0:00 
Jakub Vrana              0  1  1  -2  2   1  0  0  0  1  0/1    17:13   0:07   2:53 
Jared Knight             0  0  0  -2  0   2  0  0  0  0  6/12   17:53   0:07   3:33 
Jesse Graham             0  0  0   2  0   1  1  1  1  2  0/0    20:56   0:29   4:12 
Joakim Nordstrom         0  2  2   2  0   3  5  0  1  0  0/1    10:54   0:00   0:46 
Justin Bailey            1  0  1   2  0   5  1  0  2  1  1/2    24:03   0:22   5:56 
Matt Grzelcyk            1  1  2   2  2   3  0  4  0  0  0/0    19:09   0:29   3:14 
Maxim Mamin              0  0  0   0  0   2  3  0  0  0  2/5     8:17   0:00   0:26 
Ryan Fitzgerald          1  1  2   2  0   4  0  0  0  0  3/4     9:47   0:00   0:00 
Tarmo Reunanen           0  0  0  -2  2   0  1  1  0  0  0/0    12:19   0:00   0:00 
Victor Mete              0  0  0  -2  2   2  0  1  0  0  0/0    13:24   0:00   1:00 
Vladimir Tkachev         0  0  0   0  0   1  1  0  2  0  0/0     7:50   0:00   0:20 
Zac Dalpe                2  1  3   2  0   3  2  2  0  1  23/47  24:03   0:22   5:56 

Players Stats for Reign

Player Name              G  A  P  +/- PIM S  H  SB GA TA FO     MP     PP MP  PK MP  
------------------------------------------------------------------------------------
Charlie McAvoy           0  0  0   0  0   1  1  1  0  0  0/0    17:51   3:21   0:00 
Darroll Powe             1  0  1  -1  0   5  0  0  0  1  5/10   11:10   0:00   0:29 
David Krejci             0  0  0  -1  0   2  1  0  0  0  3/4    11:20   0:00   0:00 
Henri Jokiharju          0  0  0   0  0   0  0  0  0  0  0/0     5:47   0:00   0:00 
Jason Robertson          0  0  0  -1  0   1  2  0  0  0  0/1    17:02   6:01   0:00 
Jeremy Lauzon            0  1  1  -1  0   2  1  0  2  1  0/0    21:09   6:34   0:00 
Jordan Greenway          0  1  1  -1  0   2  2  0  0  1  1/2    17:38   0:00   0:29 
Josh Anderson            0  1  1   1  2   0  1  0  1  0  0/0    11:26   0:00   0:00 
Kevin Fiala              0  0  0  -1  0   2  0  0  0  1  0/0    14:50   3:21   0:00 
Mason Appleton           1  0  1   1  0   1  2  2  1  0  5/10   14:59   3:54   0:00 
Mathew Barzal            0  1  1  -1  0   4  1  1  1  0  1/2    22:31   6:01   0:00 
Maxime Comtois           0  0  0   1  0   1  0  0  0  0  0/1    14:51   3:54   0:00 
Nick Suzuki              1  0  1  -1  0   3  1  1  2  0  22/43  22:31   6:01   0:00 
Nicolas Hague            0  0  0  -1  0   1  1  1  0  3  0/0    14:52   0:00   0:29 
Nikita Tryamkin          0  0  0   0  0   2  1  0  0  1  0/0     5:47   0:00   0:00 
Oliver Kylington         0  0  0   0  0   1  0  0  0  0  0/0    14:07   0:37   0:00 
Rem Pitlick              0  0  0  -1  0   1  0  0  0  0  0/0    14:13   3:54   0:00 
Thomas Chabot            0  0  0  -1  0   7  1  2  1  0  0/0    20:53   5:57   0:00 
Tom Kuhnhackl            0  0  0  -1  0   0  0  0  0  0  0/0    11:20   0:00   0:00 
Vladislav Gavrikov       0  0  0  -1  0   1  0  1  1  2  0/0    15:13   0:00   0:29 

3 Stars

1 - Zac Dalpe (Cle)
2 - Joakim Nordstrom (Cle)
3 - Ryan Fitzgerald (Cle)

Power Play

Monsters - 1 on 1 Attempt(s) - 100.00%
Reign - 0 on 5 Attempt(s) - 0.00%

Penalty Kill

Monsters - 5 on 5 Attempt(s) - 100.00% - Score 0 goal in Penalty Kill
Reign - 0 on 1 Attempt(s) - 0.00% - Score 0 goal in Penalty Kill

Team Stat

Monsters - Hits : 20 - Faceoff Wins : 36 - Blocked Shots : 13 - Penalty Minutes : 10
Reign - Hits : 15 - Faceoff Wins : 37 - Blocked Shots : 9 - Penalty Minutes : 2

Official

Referees : Graham Skilliter and Kelly Sutherland
Linesman : Jonny Murray and Travis Toomey

Game Notes

Oscar Dansk enters game at 11:14 of 2nd period

Finance

Level 1 -- Attendance: 1746 (87.30%) -- Ticket Income $61,110
Level 2 -- Attendance: 1000 (100.00%) -- Ticket Income $15,000
Total Attendance: 2746 (91.53%)
Total Ticket Income: $76,110
Other Income: $3,806
Total Income: $79,916

Monsters

5 vs 5 Forward 
   Center                   Left Wing                Right Wing               Time % Phy DF OF 
 1 Zac Dalpe                Justin Bailey            Austin Watson            40     1   2  2  
 2 Jared Knight             Jakub Vrana              Gerald Mayhew            30     1   2  2  
 3 Ryan Fitzgerald          Joakim Nordstrom         Carl Grundstrom          20     1   2  2  
 4 Maxim Mamin              Vladimir Tkachev         Daniel Sprong            10     1   2  2  

5 vs 5 Defense 
   Defense                  Defense                                           Time % Phy DF OF 
 1 Collin Miller            Dillon Heatherington                              40     1   2  2  
 2 Matt Grzelcyk            Jesse Graham                                      30     1   2  2  
 3 Victor Mete              Tarmo Reunanen                                    20     1   2  2  
 4 Collin Miller            Dillon Heatherington                              10     1   2  2  

PowerPlay Forward 
   Center                   Left Wing                Right Wing               Time % Phy DF OF 
 1 Zac Dalpe                Justin Bailey            Austin Watson            60     1   2  2  
 2 Jared Knight             Jakub Vrana              Gerald Mayhew            40     1   2  2  

PowerPlay Defense
   Defense                  Defense                                           Time % Phy DF OF 
 1 Collin Miller            Dillon Heatherington                              60     1   2  2  
 2 Matt Grzelcyk            Jesse Graham                                      40     1   2  2  

Penalty Kill 4 Players Forward 
   Center                   Wing                     Time % Phy DF OF 
 1 Zac Dalpe                Justin Bailey            60     1   2  2  
 2 Jared Knight             Jakub Vrana              40     1   2  2  

Penalty Kill 4 Players Defense
   Defense                  Defense                  Time % Phy DF OF 
 1 Collin Miller            Dillon Heatherington     60     1   2  2  
 2 Matt Grzelcyk            Jesse Graham             40     1   2  2  

Penalty Kill - 3 Players Forward 
   Forward                                           Time % Phy DF OF 
 1 Zac Dalpe                                         60     1   2  2  
 2 Jared Knight                                      40     1   2  2  

Penalty Kill - 3 Players Defense
   Defense                  Defense                  Time % Phy DF OF 
 1 Collin Miller            Dillon Heatherington     60     1   2  2  
 2 Matt Grzelcyk            Jesse Graham             40     1   2  2  

4 vs 4 Forward 
   Center                   Wing                     Time % Phy DF OF 
 1 Zac Dalpe                Justin Bailey            60     1   2  2  
 2 Jared Knight             Jakub Vrana              40     1   2  2  

4 vs 4 Defense
   Defense                  Defense                  Time % Phy DF OF 
 1 Collin Miller            Dillon Heatherington     60     1   2  2  
 2 Matt Grzelcyk            Jesse Graham             40     1   2  2  

Last Minutes Offensive
   Center                   Left Wing                Right Wing               Defense                  Defense                  
   Zac Dalpe                Justin Bailey            Austin Watson            Collin Miller            Dillon Heatherington     

Last Minutes Defensive
   Center                   Left Wing                Right Wing               Defense                  Defense                  
   Zac Dalpe                Justin Bailey            Austin Watson            Collin Miller            Dillon Heatherington     

Goaltenders
Starting : Connor Hellebyuk         
Backup : Maxime Lagace            

Extra Forwards
Normal : Jared Knight, Joakim Nordstrom, Ryan Fitzgerald - PP : Jared Knight, Joakim Nordstrom - PK : Jared Knight
Extra Defensemen
Normal : Jesse Graham, Victor Mete, Tarmo Reunanen - PP : Jesse Graham - PK : Jesse Graham, Victor Mete
Penalty Shots
Zac Dalpe, Justin Bailey, Austin Watson, Jakub Vrana, Jared Knight

Scratches
Aaron Ness (Healthy), Alex Schoenborn (Healthy), Alexandre Texier (Healthy), Cameron Hughes (Healthy), Francis Perron (Healthy)
Richard Nejezchleb (Healthy), Zachary Senyshyn (Healthy), Marc Michaelis (Healthy), Trevor Moore (Healthy), Nathan Noel (Healthy)
Peyton Jones (Healthy)

Reign

5 vs 5 Forward 
   Center                   Left Wing                Right Wing               Time % Phy DF OF 
 1 Nick Suzuki              Jordan Greenway          Mathew Barzal            40     1   2  2  
 2 David Krejci             Kevin Fiala              Tom Kuhnhackl            20     1   2  2  
 3 Darroll Powe             Jason Robertson          Rem Pitlick              20     1   2  2  
 4 Mason Appleton           Maxime Comtois           Josh Anderson            20     1   2  2  

5 vs 5 Defense 
   Defense                  Defense                                           Time % Phy DF OF 
 1 Vladislav Gavrikov       Thomas Chabot                                     30     1   3  1  
 2 Charlie McAvoy           Oliver Kylington                                  30     1   3  1  
 3 Jeremy Lauzon            Nicolas Hague                                     30     1   3  1  
 4 Nikita Tryamkin          Henri Jokiharju                                   10     1   3  1  

PowerPlay Forward 
   Center                   Left Wing                Right Wing               Time % Phy DF OF 
 1 Nick Suzuki              Jason Robertson          Mathew Barzal            55     1   1  3  
 2 Mason Appleton           Maxime Comtois           Rem Pitlick              45     1   1  3  

PowerPlay Defense
   Defense                  Defense                                           Time % Phy DF OF 
 1 Jeremy Lauzon            Thomas Chabot                                     70     0   2  3  
 2 Kevin Fiala              Charlie McAvoy                                    30     0   3  2  

Penalty Kill 4 Players Forward 
   Center                   Wing                     Time % Phy DF OF 
 1 Darroll Powe             Josh Anderson            60     1   2  2  
 2 David Krejci             Kevin Fiala              40     1   2  2  

Penalty Kill 4 Players Defense
   Defense                  Defense                  Time % Phy DF OF 
 1 Nicolas Hague            Vladislav Gavrikov       60     1   2  2  
 2 Nikita Tryamkin          Henri Jokiharju          40     1   2  2  

Penalty Kill - 3 Players Forward 
   Forward                                           Time % Phy DF OF 
 1 Darroll Powe                                      60     1   2  2  
 2 David Krejci                                      40     1   2  2  

Penalty Kill - 3 Players Defense
   Defense                  Defense                  Time % Phy DF OF 
 1 Nicolas Hague            Vladislav Gavrikov       60     1   2  2  
 2 Nikita Tryamkin          Henri Jokiharju          40     1   2  2  

4 vs 4 Forward 
   Center                   Wing                     Time % Phy DF OF 
 1 Kevin Fiala              Mathew Barzal            60     1   2  2  
 2 Nick Suzuki              David Krejci             40     1   2  2  

4 vs 4 Defense
   Defense                  Defense                  Time % Phy DF OF 
 1 Nikita Tryamkin          Thomas Chabot            60     1   2  2  
 2 Vladislav Gavrikov       Jeremy Lauzon            40     1   2  2  

Last Minutes Offensive
   Center                   Left Wing                Right Wing               Defense                  Defense                  
   Nick Suzuki              Jason Robertson          Mathew Barzal            Jeremy Lauzon            Thomas Chabot            

Last Minutes Defensive
   Center                   Left Wing                Right Wing               Defense                  Defense                  
   Darroll Powe             Kevin Fiala              Josh Anderson            Vladislav Gavrikov       Nicolas Hague            

Goaltenders
Starting : Igor Shesterkin          
Backup : Oscar Dansk              

Extra Forwards
Normal : Mathew Barzal, Jason Robertson, Maxime Comtois - PP : Jordan Greenway, Josh Anderson - PK : Jordan Greenway
Extra Defensemen
Normal : Charlie McAvoy, Nicolas Hague, Henri Jokiharju - PP : Oliver Kylington - PK : Thomas Chabot, Charlie McAvoy
Penalty Shots
Nick Suzuki, Kevin Fiala, Tom Kuhnhackl, Rem Pitlick, Jordan Greenway

Scratches
Adrian Kempe (Right Foot Injury), Anton Karlsson (Healthy), Caleb Jones (Healthy), Chandler Stephenson (Healthy), Christoffer Ehn (Healthy)
Michael Anderson (Healthy), Oskar Steen (Healthy), Eamon McAdam (Healthy)

% Time on Ice - Monsters

Lines # - Real PCT - Wanted PCT - Time Play
Normal Forward
1 - 37% - 40% - 18:24
2 - 28% - 30% - 13:55
3 - 20% - 20% - 9:47
4 - 15% - 10% - 7:30
Normal Defense
1 - 40% - 40% - 19:54
2 - 30% - 30% - 15:01
3 - 24% - 20% - 11:59
4 - 5% - 10% - 2:42
PP Forward
1 - 76% - 60% - 0:22
2 - 24% - 40% - 0:07
PP Defense
1 - 0% - 60% - 0:00
2 - 100% - 40% - 0:29
PK Forward
1 - 70% - 60% - 6:56
2 - 30% - 40% - 2:59
PK Defense
1 - 69% - 60% - 6:52
2 - 31% - 40% - 3:03
PK3 Forward
1 - 0% - 60%
2 - 0% - 40%
PK3 Defense
1 - 0% - 60%
2 - 0% - 40%
44 Forward
1 - 0% - 60%
2 - 0% - 40%
44 Defense
1 - 0% - 60%
2 - 0% - 40%
Last Minute Offensive  - 0:00
Last Minute Defensive  - 0:00
Total
Forward - 60:00
Defense - 60:00

% Time on Ice - Reign

Lines # - Real PCT - Wanted PCT - Time Play
Normal Forward
1 - 33% - 40% - 16:30
2 - 23% - 20% - 11:24
3 - 22% - 20% - 10:41
4 - 22% - 20% - 11:01
Normal Defense
1 - 30% - 30% - 14:56
2 - 29% - 30% - 14:30
3 - 29% - 30% - 14:23
4 - 12% - 10% - 5:47
PP Forward
1 - 61% - 55% - 6:01
2 - 39% - 45% - 3:54
PP Defense
1 - 66% - 70% - 6:34
2 - 34% - 30% - 3:21
PK Forward
1 - 100% - 60% - 0:29
2 - 0% - 40% - 0:00
PK Defense
1 - 100% - 60% - 0:29
2 - 0% - 40% - 0:00
PK3 Forward
1 - 0% - 60%
2 - 0% - 40%
PK3 Defense
1 - 0% - 60%
2 - 0% - 40%
44 Forward
1 - 0% - 60%
2 - 0% - 40%
44 Defense
1 - 0% - 60%
2 - 0% - 40%
Last Minute Offensive  - 0:00
Last Minute Defensive  - 0:00
Total
Forward - 60:00
Defense - 60:00

Play-by-Play

1st period


0:01 of 1st period - Zac Dalpe wins face-off versus Nick Suzuki in neutral zone.
0:06 of 1st period - Slapshot by Zac Dalpe.
0:06 of 1st period - Shot Misses the Net.
0:08 of 1st period - Slapshot by Justin Bailey.
0:08 of 1st period - Deflect By Austin Watson.
0:08 of 1st period - Shot Misses the Net.
0:08 of 1st period - Puck is out of play.
0:09 of 1st period - Nick Suzuki wins face-off versus Zac Dalpe in Reign zone.
0:14 of 1st period - Mathew Barzal is hit by Zac Dalpe and loses puck.
0:23 of 1st period - Snap shot by Justin Bailey.
0:23 of 1st period - Goal by Justin Bailey - Monsters : 1 - Reign : 0.
0:24 of 1st period - David Krejci wins face-off versus Jared Knight in neutral zone.
0:57 of 1st period - Wrist shot by Joakim Nordstrom.
0:57 of 1st period - Shot Misses the Net.
0:59 of 1st period - Snap shot by Joakim Nordstrom.
0:59 of 1st period - Stopped by Igor Shesterkin without a rebound.
1:00 of 1st period - Maxim Mamin wins face-off versus Maxime Comtois in Reign zone.
1:15 of 1st period - Snap shot by Vladimir Tkachev.
1:15 of 1st period - Stopped by Igor Shesterkin without a rebound.
1:16 of 1st period - Zac Dalpe wins face-off versus Nick Suzuki in Reign zone.
1:45 of 1st period - Jakub Vrana is hit by Josh Anderson and loses puck.
2:12 of 1st period - Wrist shot by Darroll Powe.
2:12 of 1st period - Stopped by Connor Hellebyuk with a rebound.
2:14 of 1st period - Snap shot by Darroll Powe.
2:14 of 1st period - Stopped by Connor Hellebyuk with a rebound.
2:54 of 1st period - Tarmo Reunanen is hit by Jordan Greenway and loses puck.
3:17 of 1st period - Snap shot by Gerald Mayhew.
3:17 of 1st period - Shot Misses the Net.
4:37 of 1st period - Off-side.
4:38 of 1st period - Darroll Powe wins face-off versus Jared Knight in neutral zone.
4:41 of 1st period - Wrist shot by Jason Robertson.
4:41 of 1st period - Stopped by Connor Hellebyuk without a rebound.
4:42 of 1st period - Nick Suzuki wins face-off versus Justin Bailey in Monsters zone.
4:43 of 1st period - Snap shot by Jordan Greenway.
4:43 of 1st period - Shot Misses the Net.
4:45 of 1st period - Snap shot by Jordan Greenway.
4:45 of 1st period - Shot Misses the Net.
4:47 of 1st period - Snap shot by Charlie McAvoy.
4:47 of 1st period - Stopped by Connor Hellebyuk without a rebound.
4:48 of 1st period - Zac Dalpe wins face-off versus Nick Suzuki in Monsters zone.
4:53 of 1st period - Slapshot by Justin Bailey.
4:53 of 1st period - Shot Misses the Net.
5:53 of 1st period - Wrist shot by Jason Robertson.
5:53 of 1st period - Shot Blocked by Jesse Graham.
6:39 of 1st period - Snap shot by Mason Appleton.
6:39 of 1st period - Shot Misses the Net.
6:41 of 1st period - Snap shot by Oliver Kylington.
6:41 of 1st period - Stopped by Connor Hellebyuk without a rebound.
6:42 of 1st period - Zac Dalpe wins face-off versus Darroll Powe in Monsters zone.
8:20 of 1st period - Wrist shot by Zac Dalpe.
8:20 of 1st period - Goal by Zac Dalpe - Monsters : 2 - Reign : 0.
8:21 of 1st period - Nick Suzuki wins face-off versus Zac Dalpe in neutral zone.
9:07 of 1st period - Slapshot by Austin Watson.
9:07 of 1st period - Stopped by Igor Shesterkin without a rebound.
9:08 of 1st period - David Krejci wins face-off versus Jared Knight in Reign zone.
10:31 of 1st period - Snap shot by Jared Knight.
10:31 of 1st period - Stopped by Igor Shesterkin without a rebound.
10:32 of 1st period - Nick Suzuki wins face-off versus Zac Dalpe in Reign zone.
10:44 of 1st period - Minor Penalty to Matt Grzelcyk for Hooking.
10:45 of 1st period - Nick Suzuki wins face-off versus Zac Dalpe in Monsters zone.
11:15 of 1st period - Collin Miller is hit by Mathew Barzal and loses puck.
11:20 of 1st period - Snap shot by Nick Suzuki.
11:20 of 1st period - Stopped by Connor Hellebyuk with a rebound.
11:22 of 1st period - Slapshot by Thomas Chabot.
11:22 of 1st period - Shot Misses the Net.
11:24 of 1st period - Slapshot by Nick Suzuki.
11:24 of 1st period - Shot Misses the Net.
12:00 of 1st period - Snap shot by Mathew Barzal.
12:00 of 1st period - Stopped by Connor Hellebyuk with a rebound.
12:02 of 1st period - Wrist shot by Nick Suzuki.
12:02 of 1st period - Shot Misses the Net.
12:04 of 1st period - Snap shot by Jeremy Lauzon.
12:04 of 1st period - Shot Blocked by Victor Mete.
12:06 of 1st period - Slapshot by Thomas Chabot.
12:06 of 1st period - Deflect By Jason Robertson.
12:06 of 1st period - Shot Misses the Net.
12:06 of 1st period - Puck is out of play.
12:07 of 1st period - Mason Appleton wins face-off versus Zac Dalpe in Monsters zone.
12:44 of 1st period - Penalty to Matt Grzelcyk is over, Matt Grzelcyk is back on ice.
13:14 of 1st period - Off-side.
13:15 of 1st period - Mason Appleton wins face-off versus Maxim Mamin in neutral zone.
13:31 of 1st period - Wrist shot by Vladimir Tkachev.
13:31 of 1st period - Shot Misses the Net.
14:03 of 1st period - Snap shot by Austin Watson.
14:03 of 1st period - Shot Blocked by Nick Suzuki.
14:26 of 1st period - Wrist shot by Ryan Fitzgerald.
14:26 of 1st period - Stopped by Igor Shesterkin with a rebound.
14:30 of 1st period - Slapshot by Joakim Nordstrom.
14:30 of 1st period - Stopped by Igor Shesterkin with a rebound.
14:32 of 1st period - Backhand shot by Joakim Nordstrom.
14:32 of 1st period - Shot Hit the Post.
14:59 of 1st period - Icing by Jakub Vrana.
15:00 of 1st period - Maxim Mamin wins face-off versus Nick Suzuki in Monsters zone.
15:30 of 1st period - Wrist shot by Kevin Fiala.
15:30 of 1st period - Shot Hit the Post.
15:32 of 1st period - Snap shot by David Krejci.
15:32 of 1st period - Shot Blocked by Matt Grzelcyk.
15:34 of 1st period - Snap shot by David Krejci.
15:34 of 1st period - Shot Blocked by Matt Grzelcyk.
16:27 of 1st period - Wrist shot by Jordan Greenway.
16:27 of 1st period - Shot Misses the Net.
16:29 of 1st period - Slapshot by Nikita Tryamkin.
16:29 of 1st period - Stopped by Connor Hellebyuk with a rebound.
16:31 of 1st period - Slapshot by Jordan Greenway.
16:31 of 1st period - Stopped by Connor Hellebyuk without a rebound.
16:32 of 1st period - Nick Suzuki wins face-off versus Zac Dalpe in Monsters zone.
17:22 of 1st period - David Krejci is hit by Maxim Mamin and loses puck.
17:44 of 1st period - Snap shot by Kevin Fiala.
17:44 of 1st period - Stopped by Connor Hellebyuk with a rebound.
18:48 of 1st period - Snap shot by Joakim Nordstrom.
18:48 of 1st period - Shot Misses the Net.
18:50 of 1st period - Slapshot by Dillon Heatherington.
18:50 of 1st period - Shot Misses the Net.
18:52 of 1st period - Backhand shot by Collin Miller.
18:52 of 1st period - Stopped by Igor Shesterkin without a rebound.
18:53 of 1st period - Nick Suzuki wins face-off versus Zac Dalpe in Reign zone.
19:02 of 1st period - Wrist shot by Justin Bailey.
19:02 of 1st period - Stopped by Igor Shesterkin with a rebound.
19:04 of 1st period - Slapshot by Zac Dalpe.
19:04 of 1st period - Shot Misses the Net.
19:06 of 1st period - Snap shot by Justin Bailey.
19:06 of 1st period - Shot Blocked by Mathew Barzal.
19:29 of 1st period - Wrist shot by Rem Pitlick.
19:29 of 1st period - Shot Blocked by Matt Grzelcyk.
19:49 of 1st period - Wrist shot by Daniel Sprong.
19:49 of 1st period - Deflect By Vladimir Tkachev.
19:49 of 1st period - Shot Misses the Net.
19:49 of 1st period - Puck is out of play.
19:50 of 1st period - Mason Appleton wins face-off versus Zac Dalpe in Reign zone.
19:59 of 1st period - Snap shot by Maxime Comtois.
19:59 of 1st period - Stopped by Connor Hellebyuk without a rebound.
Goals for this period are 2 for Monsters vs 0 for Reign.
Shots for this period are 10 for Monsters vs 11 for Reign.

2nd period


0:01 of 2nd period - Nick Suzuki wins face-off versus Zac Dalpe in neutral zone.
0:09 of 2nd period - Off-side.
0:10 of 2nd period - Zac Dalpe wins face-off versus Nick Suzuki in neutral zone.
0:12 of 2nd period - Off-side.
0:13 of 2nd period - Zac Dalpe wins face-off versus Nick Suzuki in neutral zone.
0:16 of 2nd period - Snap shot by Collin Miller.
0:16 of 2nd period - Shot Misses the Net.
0:40 of 2nd period - Josh Anderson is hit by Collin Miller and loses puck.
1:20 of 2nd period - Snap shot by Victor Mete.
1:20 of 2nd period - Shot Misses the Net.
1:30 of 2nd period - Kevin Fiala is hit by Tarmo Reunanen and loses puck.
2:13 of 2nd period - Minor Penalty to Jakub Vrana for Hooking.
2:14 of 2nd period - Zac Dalpe wins face-off versus Nick Suzuki in Monsters zone.
2:48 of 2nd period - Zac Dalpe is hit by Mason Appleton and loses puck.
2:59 of 2nd period - Zac Dalpe is hit by Jason Robertson and loses puck.
4:13 of 2nd period - Penalty to Jakub Vrana is over, Jakub Vrana is back on ice.
4:40 of 2nd period - Darroll Powe is hit by Vladimir Tkachev and loses puck.
5:08 of 2nd period - Vladislav Gavrikov is hit by Joakim Nordstrom and loses puck.
5:31 of 2nd period - Nicolas Hague is hit by Maxim Mamin and loses puck.
5:46 of 2nd period - Icing by Maxime Comtois.
5:47 of 2nd period - Mason Appleton wins face-off versus Jakub Vrana in Reign zone.
7:39 of 2nd period - Slapshot by Matt Grzelcyk.
7:39 of 2nd period - Stopped by Igor Shesterkin with a rebound.
7:41 of 2nd period - Snap shot by Justin Bailey.
7:41 of 2nd period - Shot Blocked by Thomas Chabot.
7:43 of 2nd period - Slapshot by Jesse Graham.
7:43 of 2nd period - Stopped by Igor Shesterkin without a rebound.
7:44 of 2nd period - Nick Suzuki wins face-off versus Jared Knight in Reign zone.
8:09 of 2nd period - Backhand shot by Thomas Chabot.
8:09 of 2nd period - Stopped by Connor Hellebyuk with a rebound.
8:11 of 2nd period - Wrist shot by David Krejci.
8:11 of 2nd period - Shot Blocked by Collin Miller.
8:13 of 2nd period - Slapshot by Thomas Chabot.
8:13 of 2nd period - Deflect By David Krejci.
8:13 of 2nd period - Stopped by Connor Hellebyuk with a rebound.
8:17 of 2nd period - Wrist shot by Tom Kuhnhackl.
8:17 of 2nd period - Shot Misses the Net.
8:32 of 2nd period - Minor Penalty to Josh Anderson for Tripping.
8:33 of 2nd period - Zac Dalpe wins face-off versus Darroll Powe in Reign zone.
8:33 of 2nd period - Wrist shot by Justin Bailey.
8:33 of 2nd period - Shot Misses the Net.
8:35 of 2nd period - Snap shot by Austin Watson.
8:35 of 2nd period - Stopped by Igor Shesterkin without a rebound.
8:36 of 2nd period - Zac Dalpe wins face-off versus Darroll Powe in Reign zone.
9:01 of 2nd period - Backhand shot by Matt Grzelcyk.
9:01 of 2nd period - Goal by Matt Grzelcyk - Monsters : 3 - Reign : 0.
9:02 of 2nd period - Nick Suzuki wins face-off versus Zac Dalpe in neutral zone.
9:27 of 2nd period - Dillon Heatherington is hit by Jason Robertson.
9:43 of 2nd period - Wrist shot by Zac Dalpe.
9:43 of 2nd period - Shot Blocked by Charlie McAvoy.
9:45 of 2nd period - Snap shot by Zac Dalpe.
9:45 of 2nd period - Shot Misses the Net.
9:49 of 2nd period - Wrist shot by Justin Bailey.
9:49 of 2nd period - Stopped by Igor Shesterkin without a rebound.
9:50 of 2nd period - Jared Knight wins face-off versus Mason Appleton in Reign zone.
10:15 of 2nd period - Jesse Graham is hit by Jordan Greenway and loses puck.
11:01 of 2nd period - Jeremy Lauzon is hit by Collin Miller and loses puck.
11:14 of 2nd period - Snap shot by Zac Dalpe.
11:14 of 2nd period - Goal by Zac Dalpe - Monsters : 4 - Reign : 0.
11:14 of 2nd period - Oscar Dansk enters game.
11:15 of 2nd period - Nick Suzuki wins face-off versus Zac Dalpe in neutral zone.
12:04 of 2nd period - Slapshot by Joakim Nordstrom.
12:04 of 2nd period - Deflect By Ryan Fitzgerald.
12:04 of 2nd period - Shot Hit the Post.
12:04 of 2nd period - Puck is out of play.
12:05 of 2nd period - Ryan Fitzgerald wins face-off versus Darroll Powe in Reign zone.
12:10 of 2nd period - Wrist shot by Joakim Nordstrom.
12:10 of 2nd period - Shot Misses the Net.
12:12 of 2nd period - Wrist shot by Carl Grundstrom.
12:12 of 2nd period - Shot Blocked by Vladislav Gavrikov.
12:14 of 2nd period - Wrist shot by Joakim Nordstrom.
12:14 of 2nd period - Stopped by Oscar Dansk without a rebound.
12:15 of 2nd period - Nick Suzuki wins face-off versus Zac Dalpe in Reign zone.
12:29 of 2nd period - Minor Penalty to Collin Miller for Hooking.
12:30 of 2nd period - Nick Suzuki wins face-off versus Zac Dalpe in Monsters zone.
12:30 of 2nd period - Slapshot by Thomas Chabot.
12:30 of 2nd period - Stopped by Connor Hellebyuk without a rebound.
12:31 of 2nd period - Zac Dalpe wins face-off versus Mathew Barzal in Monsters zone.
12:42 of 2nd period - Snap shot by Jeremy Lauzon.
12:42 of 2nd period - Stopped by Connor Hellebyuk without a rebound.
12:43 of 2nd period - Nick Suzuki wins face-off versus Zac Dalpe in Monsters zone.
12:44 of 2nd period - Slapshot by Thomas Chabot.
12:44 of 2nd period - Stopped by Connor Hellebyuk without a rebound.
12:45 of 2nd period - Nick Suzuki wins face-off versus Zac Dalpe in Monsters zone.
12:46 of 2nd period - Slapshot by Mathew Barzal.
12:46 of 2nd period - Stopped by Connor Hellebyuk without a rebound.
12:47 of 2nd period - Zac Dalpe wins face-off versus Jason Robertson in Monsters zone.
13:00 of 2nd period - Dillon Heatherington is hit by Nick Suzuki and loses puck.
14:29 of 2nd period - Penalty to Collin Miller is over, Collin Miller is back on ice.
15:00 of 2nd period - Wrist shot by Victor Mete.
15:00 of 2nd period - Stopped by Oscar Dansk without a rebound.
15:01 of 2nd period - Darroll Powe wins face-off versus Maxim Mamin in Reign zone.
15:01 of 2nd period - Darroll Powe is hit by Maxim Mamin.
15:31 of 2nd period - Slapshot by David Krejci.
15:31 of 2nd period - Stopped by Connor Hellebyuk with a rebound.
16:08 of 2nd period - Slapshot by Collin Miller.
16:08 of 2nd period - Shot Misses the Net.
16:45 of 2nd period - Slapshot by Nick Suzuki.
16:45 of 2nd period - Shot Misses the Net.
16:47 of 2nd period - Snap shot by Jordan Greenway.
16:47 of 2nd period - Shot Blocked by Collin Miller.
17:01 of 2nd period - Snap shot by Zac Dalpe.
17:01 of 2nd period - Shot Misses the Net.
17:03 of 2nd period - Snap shot by Austin Watson.
17:03 of 2nd period - Stopped by Oscar Dansk without a rebound.
17:04 of 2nd period - Jordan Greenway wins face-off versus Zac Dalpe in Reign zone.
17:09 of 2nd period - Slapshot by Mathew Barzal.
17:09 of 2nd period - Shot Misses the Net.
17:11 of 2nd period - Wrist shot by Mathew Barzal.
17:11 of 2nd period - Shot Misses the Net.
17:13 of 2nd period - Snap shot by Nick Suzuki.
17:13 of 2nd period - Goal by Nick Suzuki - Monsters : 4 - Reign : 1.
17:14 of 2nd period - Austin Watson wins face-off versus Nick Suzuki in neutral zone.
17:41 of 2nd period - Jakub Vrana is hit by Nicolas Hague and loses puck.
18:04 of 2nd period - Wrist shot by Jared Knight.
18:04 of 2nd period - Deflect By Joakim Nordstrom.
18:04 of 2nd period - Shot Blocked by Thomas Chabot.
18:04 of 2nd period - Puck is out of play.
18:05 of 2nd period - Darroll Powe wins face-off versus Ryan Fitzgerald in Reign zone.
18:12 of 2nd period - Slapshot by Darroll Powe.
18:12 of 2nd period - Stopped by Connor Hellebyuk without a rebound.
18:13 of 2nd period - Zac Dalpe wins face-off versus Nick Suzuki in Monsters zone.
18:22 of 2nd period - Slapshot by Justin Bailey.
18:22 of 2nd period - Shot Misses the Net.
18:38 of 2nd period - Slapshot by Mason Appleton.
18:38 of 2nd period - Goal by Mason Appleton - Monsters : 4 - Reign : 2.
18:39 of 2nd period - Mathew Barzal wins face-off versus Zac Dalpe in neutral zone.
19:35 of 2nd period - Backhand shot by Carl Grundstrom.
19:35 of 2nd period - Goal by Carl Grundstrom - Monsters : 5 - Reign : 2.
19:36 of 2nd period - Zac Dalpe wins face-off versus Nick Suzuki in neutral zone.
19:39 of 2nd period - Snap shot by Justin Bailey.
19:39 of 2nd period - Stopped by Oscar Dansk without a rebound.
19:40 of 2nd period - Zac Dalpe wins face-off versus Nick Suzuki in Reign zone.
19:45 of 2nd period - Slapshot by Zac Dalpe.
19:45 of 2nd period - Deflect By Austin Watson.
19:45 of 2nd period - Shot Misses the Net.
19:45 of 2nd period - Puck is out of play.
19:46 of 2nd period - Nick Suzuki wins face-off versus Zac Dalpe in Reign zone.
Goals for this period are 3 for Monsters vs 2 for Reign.
Shots for this period are 11 for Monsters vs 10 for Reign.

3rd period


0:01 of 3rd period - Nick Suzuki wins face-off versus Zac Dalpe in neutral zone.
1:26 of 3rd period - Snap shot by Jared Knight.
1:26 of 3rd period - Stopped by Oscar Dansk without a rebound.
1:27 of 3rd period - Zac Dalpe wins face-off versus Nick Suzuki in Reign zone.
1:36 of 3rd period - Wrist shot by Justin Bailey.
1:36 of 3rd period - Stopped by Oscar Dansk without a rebound.
1:37 of 3rd period - Zac Dalpe wins face-off versus Nick Suzuki in Reign zone.
2:28 of 3rd period - Snap shot by Nick Suzuki.
2:28 of 3rd period - Shot Blocked by Zac Dalpe.
2:32 of 3rd period - Wrist shot by Mathew Barzal.
2:32 of 3rd period - Shot Misses the Net.
2:34 of 3rd period - Slapshot by Thomas Chabot.
2:34 of 3rd period - Stopped by Connor Hellebyuk without a rebound.
2:35 of 3rd period - Darroll Powe wins face-off versus Jared Knight in Monsters zone.
2:38 of 3rd period - Wrist shot by Darroll Powe.
2:38 of 3rd period - Shot Misses the Net.
2:40 of 3rd period - Snap shot by Darroll Powe.
2:40 of 3rd period - Goal by Darroll Powe - Monsters : 5 - Reign : 3.
2:41 of 3rd period - Jared Knight wins face-off versus Mason Appleton in neutral zone.
2:44 of 3rd period - Mason Appleton is hit by Gerald Mayhew and loses puck.
3:15 of 3rd period - Wrist shot by Ryan Fitzgerald.
3:15 of 3rd period - Goal by Ryan Fitzgerald - Monsters : 6 - Reign : 3.
3:16 of 3rd period - Zac Dalpe wins face-off versus Nick Suzuki in neutral zone.
3:33 of 3rd period - Jordan Greenway is hit by Dillon Heatherington and loses puck.
4:06 of 3rd period - Snap shot by Joakim Nordstrom.
4:06 of 3rd period - Shot Misses the Net.
4:08 of 3rd period - Wrist shot by Ryan Fitzgerald.
4:08 of 3rd period - Stopped by Oscar Dansk with a rebound.
4:10 of 3rd period - Wrist shot by Carl Grundstrom.
4:10 of 3rd period - Stopped by Oscar Dansk with a rebound.
4:12 of 3rd period - Snap shot by Collin Miller.
4:12 of 3rd period - Deflect By Jeremy Lauzon.
4:12 of 3rd period - Stopped by Oscar Dansk without a rebound.
4:13 of 3rd period - Zac Dalpe wins face-off versus Nick Suzuki in Reign zone.
4:21 of 3rd period - Icing by Thomas Chabot.
4:22 of 3rd period - Nick Suzuki wins face-off versus Zac Dalpe in Reign zone.
4:29 of 3rd period - Slapshot by Thomas Chabot.
4:29 of 3rd period - Stopped by Connor Hellebyuk without a rebound.
4:30 of 3rd period - Nick Suzuki wins face-off versus Zac Dalpe in Monsters zone.
4:33 of 3rd period - Snap shot by Nick Suzuki.
4:33 of 3rd period - Shot Blocked by Zac Dalpe.
4:37 of 3rd period - Wrist shot by Nick Suzuki.
4:37 of 3rd period - Stopped by Connor Hellebyuk without a rebound.
4:38 of 3rd period - Justin Bailey wins face-off versus Nick Suzuki in Monsters zone.
5:05 of 3rd period - Slapshot by Jordan Greenway.
5:05 of 3rd period - Shot Misses the Net.
5:07 of 3rd period - Slapshot by Nicolas Hague.
5:07 of 3rd period - Deflect By Justin Bailey.
5:07 of 3rd period - Stopped by Connor Hellebyuk without a rebound.
5:08 of 3rd period - Jared Knight wins face-off versus Mason Appleton in Monsters zone.
5:33 of 3rd period - Oliver Kylington is hit by Jesse Graham and loses puck.
5:38 of 3rd period - Snap shot by Ryan Fitzgerald.
5:38 of 3rd period - Shot Misses the Net.
5:40 of 3rd period - Snap shot by Joakim Nordstrom.
5:40 of 3rd period - Shot Misses the Net.
5:56 of 3rd period - Slapshot by Zac Dalpe.
5:56 of 3rd period - Stopped by Oscar Dansk with a rebound.
5:58 of 3rd period - Snap shot by Zac Dalpe.
5:58 of 3rd period - Shot Misses the Net.
6:06 of 3rd period - Justin Bailey is hit by Charlie McAvoy and loses puck.
6:38 of 3rd period - Slapshot by Victor Mete.
6:38 of 3rd period - Shot Blocked by Nicolas Hague.
6:40 of 3rd period - Slapshot by Victor Mete.
6:40 of 3rd period - Deflect By Jeremy Lauzon.
6:40 of 3rd period - Stopped by Oscar Dansk with a rebound.
6:42 of 3rd period - Wrist shot by Vladimir Tkachev.
6:42 of 3rd period - Shot Blocked by Mason Appleton.
6:44 of 3rd period - Wrist shot by Vladimir Tkachev.
6:44 of 3rd period - Shot Misses the Net.
6:46 of 3rd period - Backhand shot by Maxim Mamin.
6:46 of 3rd period - Stopped by Oscar Dansk without a rebound.
6:47 of 3rd period - Zac Dalpe wins face-off versus Nick Suzuki in Reign zone.
6:54 of 3rd period - Slapshot by Thomas Chabot.
6:54 of 3rd period - Shot Blocked by Collin Miller.
6:56 of 3rd period - Snap shot by Mathew Barzal.
6:56 of 3rd period - Shot Blocked by Collin Miller.
6:58 of 3rd period - Backhand shot by Jordan Greenway.
6:58 of 3rd period - Shot Misses the Net.
7:37 of 3rd period - Dillon Heatherington is hit by David Krejci and loses puck.
7:58 of 3rd period - Snap shot by Ryan Fitzgerald.
7:58 of 3rd period - Stopped by Oscar Dansk without a rebound.
7:59 of 3rd period - Ryan Fitzgerald wins face-off versus Nick Suzuki in Reign zone.
8:08 of 3rd period - Slapshot by Thomas Chabot.
8:08 of 3rd period - Deflect By Ryan Fitzgerald.
8:08 of 3rd period - Stopped by Connor Hellebyuk without a rebound.
8:09 of 3rd period - Zac Dalpe wins face-off versus Jordan Greenway in Monsters zone.
8:24 of 3rd period - Snap shot by Matt Grzelcyk.
8:24 of 3rd period - Stopped by Oscar Dansk without a rebound.
8:25 of 3rd period - Jared Knight wins face-off versus Darroll Powe in Reign zone.
8:34 of 3rd period - Snap shot by Rem Pitlick.
8:34 of 3rd period - Stopped by Connor Hellebyuk with a rebound.
8:36 of 3rd period - Snap shot by Jason Robertson.
8:36 of 3rd period - Shot Blocked by Matt Grzelcyk.
8:38 of 3rd period - Snap shot by Darroll Powe.
8:38 of 3rd period - Stopped by Connor Hellebyuk with a rebound.
8:50 of 3rd period - Slapshot by Mathew Barzal.
8:50 of 3rd period - Stopped by Connor Hellebyuk with a rebound.
8:52 of 3rd period - Slapshot by Vladislav Gavrikov.
8:52 of 3rd period - Shot Misses the Net.
8:54 of 3rd period - Slapshot by Thomas Chabot.
8:54 of 3rd period - Shot Misses the Net.
8:56 of 3rd period - Snap shot by Jordan Greenway.
8:56 of 3rd period - Stopped by Connor Hellebyuk with a rebound.
8:58 of 3rd period - Slapshot by Vladislav Gavrikov.
8:58 of 3rd period - Stopped by Connor Hellebyuk with a rebound.
9:00 of 3rd period - Slapshot by Thomas Chabot.
9:00 of 3rd period - Stopped by Connor Hellebyuk with a rebound.
9:10 of 3rd period - Matt Grzelcyk is hit by Thomas Chabot and loses puck.
9:23 of 3rd period - Thomas Chabot is hit by Joakim Nordstrom and loses puck.
9:34 of 3rd period - Slapshot by Kevin Fiala.
9:34 of 3rd period - Stopped by Connor Hellebyuk with a rebound.
10:25 of 3rd period - Minor Penalty to Victor Mete for Hooking.
10:26 of 3rd period - Zac Dalpe wins face-off versus Nick Suzuki in Monsters zone.
11:27 of 3rd period - Icing by Nick Suzuki.
11:28 of 3rd period - Nick Suzuki wins face-off versus Zac Dalpe in Reign zone.
11:28 of 3rd period - Nick Suzuki is hit by Justin Bailey.
11:40 of 3rd period - Snap shot by Jakub Vrana.
11:40 of 3rd period - Stopped by Oscar Dansk without a rebound.
11:41 of 3rd period - Mason Appleton wins face-off versus Jared Knight in Reign zone.
12:09 of 3rd period - Off-side.
12:10 of 3rd period - Nick Suzuki wins face-off versus Zac Dalpe in neutral zone.
12:25 of 3rd period - Penalty to Victor Mete is over, Victor Mete is back on ice.
12:43 of 3rd period - Slapshot by Mathew Barzal.
12:43 of 3rd period - Stopped by Connor Hellebyuk with a rebound.
12:45 of 3rd period - Slapshot by Jason Robertson.
12:45 of 3rd period - Shot Misses the Net.
12:47 of 3rd period - Snap shot by Nikita Tryamkin.
12:47 of 3rd period - Stopped by Connor Hellebyuk without a rebound.
12:48 of 3rd period - Jared Knight wins face-off versus Mason Appleton in Monsters zone.
12:48 of 3rd period - Jared Knight is hit by Nikita Tryamkin.
12:58 of 3rd period - Slapshot by Jared Knight.
12:58 of 3rd period - Shot Misses the Net.
13:02 of 3rd period - Wrist shot by Jakub Vrana.
13:02 of 3rd period - Shot Blocked by Mason Appleton.
13:04 of 3rd period - Slapshot by Dillon Heatherington.
13:04 of 3rd period - Stopped by Oscar Dansk without a rebound.
13:05 of 3rd period - Ryan Fitzgerald wins face-off versus David Krejci in Reign zone.
13:06 of 3rd period - Wrist shot by Carl Grundstrom.
13:06 of 3rd period - Stopped by Oscar Dansk with a rebound.
13:08 of 3rd period - Wrist shot by Carl Grundstrom.
13:08 of 3rd period - Stopped by Oscar Dansk without a rebound.
13:09 of 3rd period - David Krejci wins face-off versus Joakim Nordstrom in Reign zone.
14:11 of 3rd period - Matt Grzelcyk is hit by Jeremy Lauzon and loses puck.
14:23 of 3rd period - Off-side.
14:24 of 3rd period - Jared Knight wins face-off versus Mason Appleton in neutral zone.
14:36 of 3rd period - Snap shot by Josh Anderson.
14:36 of 3rd period - Shot Blocked by Tarmo Reunanen.
14:51 of 3rd period - Minor Penalty to Tarmo Reunanen for Hooking.
14:52 of 3rd period - Zac Dalpe wins face-off versus Nick Suzuki in Monsters zone.
15:05 of 3rd period - Slapshot by Jeremy Lauzon.
15:05 of 3rd period - Stopped by Connor Hellebyuk without a rebound.
15:06 of 3rd period - Zac Dalpe wins face-off versus Nick Suzuki in Monsters zone.
15:14 of 3rd period - Off-side.
15:15 of 3rd period - Nick Suzuki wins face-off versus Zac Dalpe in neutral zone.
15:44 of 3rd period - Matt Grzelcyk is hit by Mason Appleton and loses puck.
16:48 of 3rd period - Thomas Chabot is hit by Joakim Nordstrom and loses puck.
16:51 of 3rd period - Penalty to Tarmo Reunanen is over, Tarmo Reunanen is back on ice.
16:53 of 3rd period - Wrist shot by Joakim Nordstrom.
16:53 of 3rd period - Deflect By Maxim Mamin.
16:53 of 3rd period - Stopped by Oscar Dansk with a rebound.
17:35 of 3rd period - Slapshot by Jakub Vrana.
17:35 of 3rd period - Shot Misses the Net.
17:55 of 3rd period - Charlie McAvoy is hit by Joakim Nordstrom and loses puck.
18:18 of 3rd period - Tom Kuhnhackl is hit by Zac Dalpe and loses puck.
18:37 of 3rd period - Vladislav Gavrikov is hit by Daniel Sprong and loses puck.
18:48 of 3rd period - Mason Appleton is hit by Joakim Nordstrom and loses puck.
19:03 of 3rd period - Thomas Chabot is hit by Collin Miller and loses puck.
19:37 of 3rd period - Off-side.
19:38 of 3rd period - Darroll Powe wins face-off versus Maxim Mamin in neutral zone.
19:41 of 3rd period - Snap shot by Oliver Kylington.
19:41 of 3rd period - Shot Misses the Net.
Goals for this period are 1 for Monsters vs 1 for Reign.
Shots for this period are 16 for Monsters vs 16 for Reign.